 Dungeon Crawl Stone Soup version 0.21-a0-95-g06f091e (webtiles) character file.

19 Ordine the Magician (level 2, -3/15 HPs)
             Began as a Deep Elf Wizard on July 4, 2017.
             Slain by a gnoll
             ... wielding a +0 spear
              (5 damage)
             ... on level 1 of the Dungeon.
             The game lasted 00:01:18 (507 turns).

Ordine the Magician (Deep Elf Wizard)                Turns: 507, Time: 00:01:19

Health: -3/15      AC:  2    Str:  4    XL:     2   Next: 55%
Magic:  1/9        EV: 13    Int: 22    God:
Gold:   36         SH:  0    Dex: 13    Spells: 7/10 levels left

rFire    . . .     SeeInvis .   j - +0 short sword
rCold    . . .     Gourm    .   (no shield)
rNeg     . . .     Faith    .   a - +0 robe
rPois    .         Spirit   .   b - +0 hat
rElec    .         Reflect  .   (no cloak)
rCorr    .         Harm     .   (no gloves)
MR       .....                  (no boots)
Stlth    ++........             (no amulet)
HPRegen  0.05/turn              (no ring)
MPRegen  0.11/turn              (no ring)

@: very slightly contaminated
A: no striking features
a: no special abilities


You were on level 1 of the Dungeon.
You were not hungry.

You visited 1 branch of the dungeon, and saw 1 of its levels.

You collected 36 gold pieces.

Inventory:

Hand Weapons
 j - a +0 short sword (weapon)
Armour
 a - a +0 robe (worn)
 b - a +0 hat (worn)
Scrolls
 e - a scroll of random uselessness {unknown}
 k - a scroll of teleportation {unknown}
 l - a scroll of fear {unknown}
Potions
 h - a potion of brilliance
 i - a potion of heal wounds {unknown}
Books
 c - a book of Minor Magic

   Spells                             Type                      Level
   a - Magic Dart                     Conjuration                  1
   b - Blink                          Translocation                2
   c - Call Imp                       Summoning                    2
   d - Slow                           Hexes                        2
   e - Conjure Flame                  Conjuration/Fire             3
   f - Mephitic Cloud                 Conjuration/Poison/Air       3
Comestibles
 d - 3 bread rations
 f - a chunk of flesh
 g - a meat ration


   Skills:
 - Level 2.4 Dodging
 + Level 2.7 Stealth
 + Level 4.7 Spellcasting
 * Level 2.2 Conjurations
   Level 1.1 Summonings
 + Level 1.1 Translocations


You had 7 spell levels left.
You knew the following spells:

 Your Spells              Type           Power        Failure   Level  Hunger
a - Magic Dart            Conj           ###.         4%          1    None
b - Blink                 Tloc           N/A          10%         2    None


Dungeon Overview and Level Annotations

Branches:
Dungeon (1/15)

Altars:
Cheibriados


Message History

The magic dart hits the gnoll.
The gnoll is lightly wounded.
The gnoll hits you but does no damage.
Casting: Magic Dart
Confirm with . or Enter, or press ? or * to list all spells.
Aiming: Magic Dart
Press: ? - help, Shift-Dir - straight line, f/p - gnoll
Aim: a gnoll, wielding a spear (lightly wounded)
You miscast Magic Dart.
Wisps of smoke drift from your hands. The gnoll hits you but does no damage.
Found a short sword.
Casting: Magic Dart
Confirm with . or Enter, or press ? or * to list all spells.
Aiming: Magic Dart
Press: ? - help, Shift-Dir - straight line, f/p - gnoll
Aim: a gnoll, wielding a spear (lightly wounded)
The magic dart hits the gnoll.
The gnoll is heavily wounded.
The gnoll hits you from afar with a spear.
You die...

...#### #.# #.# #
†#....######.# #.# #
.####........###.# #
####...........#.#######
.
###....#######..........
. ....##(.# ###.#######
..# .#..###.# #g# . .
#.#..#..# #.# ..
...#..... #@# ....#####.
#.# .......#..# #..
.<....#... ....
......#..# #....
.(.....#. ).#...
....##### ###.#.#
...#..... .#.# #.#....##


You could see a gnoll.

Vanquished Creatures
  An ooze (D:1)
  3 goblins (D:1)
  A hobgoblin (D:1)
  2 jackals (D:1)
  3 kobolds (D:1)
  A bat (D:1)
  A frilled lizard (D:1)
  3 rats (D:1)
15 creatures vanquished.

Notes
Turn   | Place    | Note
-------+----------+-------------------------------------------
     0 | D:1      | Ordine the Deep Elf Wizard began the quest for the Orb.
     0 | D:1      | Reached XP level 1. HP: 10/10 MP: 7/7
   334 | D:1      | Found a snail-covered altar of Cheibriados.
   343 | D:1      | Reached XP level 2. HP: 15/15 MP: 7/9
   348 | D:1      | Learned a level 2 spell: Blink
   507 | D:1      | Slain by a gnoll

Vault maps used:
D:1:      scummos_arrival_star, cheibriados_altar_1

Skill      XL: |  1  2 |
---------------+-------+-----
Conjurations   | 2 |  2.2
Dodging        | |  2.4
Stealth        | |  2.7
Spellcasting   | |  4.7
Summonings     | |  1.1
Translocations | |  1.1

Action                   || total
-------------------------++-------
 Cast: Magic Dart        ||    38
  Use: Scroll            ||     1
Armor: Robe              ||     3
Dodge: Dodged            ||    19
